 Dungeon Crawl Stone Soup version 0.31-a0-1001-g770356a28f (webtiles) character file.

Game seed: 5766206064248567355

80 nitefall the Ducker (level 4, -1/44 HPs)
             Began as a Troll Berserker on Nov 8, 2023.
             Was a Believer of Trog.
             Killed from afar by an orc wizard (8 damage)
             ... with a puff of flame
             ... on level 3 of the Dungeon.
             The game lasted 00:13:44 (1502 turns).

nitefall the Ducker (Troll Berserker)               Turns: 1502, Time: 00:13:44

Health: -1/44      AC:  4    Str: 27    XL:     4   Next: 18%
Magic:  3/3        EV: 10    Int:  3    God:    Trog [**....]
Gold:   41         SH:  0    Dex:  9    Spells: 3/3 levels left

rFire   . . .        a - +0 falchion
rCold   + . .        (no shield)
rNeg    . . .        b - +0 animal skin
rPois   .            w - +0 hat
rElec   .            (no cloak)
rCorr   .            (gloves unavailable)
SInv    .            (boots unavailable)
Will    .....        (no amulet)
Stlth   +            u - ring of protection from cold
HPRegen 1.07/turn    (no ring)
MPRegen 0.08/turn

%: no passive effects
@: confused
A: large, unfitting armour, claws 3, regeneration 1, shaggy fur 1, tough skin 1
a: Renounce Religion, Berserk, Trog's Hand


You were on level 3 of the Dungeon.
You worshipped Trog.
Trog was pleased with you.
You visited 1 branch of the dungeon, and saw 3 of its levels.

You collected 41 gold pieces.

Inventory:

Hand Weapons
 a - a +0 falchion (weapon)
 c - a +0 dagger
 g - a +0 hand axe
 k - a +0 mace
 l - a +0 dagger
 m - a +0 spear
 q - a +0 short sword
 r - a +0 dagger
 t - a +0 short sword
 v - a +0 trident
 x - a +0 spear
 z - a +0 dagger
 A - a +0 dagger
 B - a +0 spear
Missiles
 d - 17 stones
Armour
 b - a +0 animal skin (worn)
 h - a +0 leather armour
 s - a +0 robe
 w - a +0 hat (worn)
Jewellery
 p - a ring of fire
 u - a ring of protection from cold (left claw)
Scrolls
 e - a scroll of fear {unknown}
 n - a scroll of identify {unknown}
 o - a scroll of immolation {unknown}
 y - a scroll of amnesia {unknown}
Potions
 f - a potion of cancellation {unknown}
 i - 2 potions of invisibility {unknown}
 j - a potion of degeneration {unknown}
 C - a potion of heal wounds {unknown}


   Skills:
 + Level 2.9 Fighting
 + Level 3.1 Long Blades
 + Level 3.2 Dodging


You had 3 spell levels left.
You didn't know any spells.
Your spell library contained the following spells:

 Spells                   Type           Power      Damage    Failure   Level
 Apportation              Tloc           0%         N/A       52%         1
 Jinxbite                 Hex            0%         N/A       67%         2
 Alistair's Intoxication  Tmut/Pois      0%         N/A       100%        5


Dungeon Overview and Level Annotations

Branches:
Dungeon (3/15)

Altars:

Shops:
D:1 *


Innate Abilities, Weirdness & Mutations

You are too large for most types of armour.
You have claws for hands.
Your natural rate of healing is unusually fast.
You are covered in fur. (AC +1)
You have tough skin. (AC +1)


Message History

You hear some strange, mumbled words.
You are confused.
The orc hits you but does no damage.
You closely miss something. The orc hits you but does no damage.
You hear some strange, mumbled words.
You are more confused.
The orc hits you with a +0 whip. The orc hits you but does no damage.
You're too confused to move!
The orc hits you with a +0 dagger. The orc barely misses you.
Something hits you. The orc closely misses you.
You miss something. The orc misses you. Something hits you but does no damage.
The orc completely misses you. The orc hits you with a +0 hand axe.
You hear some strange, mumbled words.
Something tries to affect you, but you resist.
The orc throws a boomerang.
The boomerang closely misses you.
The orc throws a boomerang.
The boomerang hits you.
You're too confused to move!
Something hits you.
You completely miss something. Something hits you but does no damage.
The orc barely misses you.
You hit the orc.
The orc is heavily wounded.
Something hits you.
* * * LOW HITPOINT WARNING * * *
The orc hits you with a +0 dagger.
* * * LOW HITPOINT WARNING * * *
The orc hits you with a +0 whip.
* * * LOW HITPOINT WARNING * * *
The orc closely misses you.
You barely miss the orc.
The orc is heavily wounded.
Something hits you.
* * * LOW HITPOINT WARNING * * *
The orc hits you but does no damage. The orc barely misses you.
The orc hits you with a +0 hand axe.
* * * LOW HITPOINT WARNING * * *
You miss the orc.
The orc is heavily wounded.
You hear some strange, mumbled words.
A puff of flame appears from out of thin air!
The puff of flame hits you!
You die...

#######
..#)..# #
##.#.#.###.#
#..........#
#..#.!.<...#
#...........
#.#........#
#<{$.....#
#@o).......#
#oo........#
....##.......
#....#
.#....#
###..#
.#....# ....
.# ..$# ####.
.# ##.# ..


You could see 3 orcs.

Vanquished Creatures
  5 adders (D:2)
  A worm (D:2)
  2 bats (D:1)
  5 endoplasms
  3 giant cockroaches
  2 hobgoblins (D:2)
  A quokka (D:1)
  2 ball pythons
  A frilled lizard (D:2)
  3 kobolds
  6 rats
31 creatures vanquished.

Vanquished Creatures (others)
  An orc priest (D:3)
1 creature vanquished.

Grand Total: 32 creatures vanquished

Notes
Turn   | Place    | Note
-------+----------+-------------------------------------------
     0 | D:1      | nitefall the Troll Berserker began the quest for the Orb.
     0 | D:1      | Reached XP level 1. HP: 22/22 MP: 0/0
    56 | D:1      | Found Waps's Assorted Antiques.
   648 | D:1      | Reached XP level 2. HP: 28/29 MP: 1/1
  1062 | D:2      | Reached XP level 3. HP: 8/36 MP: 2/2
  1272 | D:2      | Reached ** piety under Trog
  1273 | D:2      | Reached XP level 4. HP: 42/44 MP: 3/3
  1502 | D:3      | Killed from afar by an orc wizard

Illustrated notes

Levels and vault maps discovered:
D:1:      tarquinn_simple_flora_water_e, layout_loops_corners, serial_shops,
          nicolae_shop_hallway_stairs, st_stairs_10,
          corexii_item_surrounded_by_moat
D:2:      layout_loops_ring
D:3:      layout_basic, amcnicky_altar_gilded,
          shapermc_ecumenical_altar_acropolis

Skill      XL: |  1  2  3 |
---------------+----------+-----
Dodging        | 3 |  3.2
Long Blades    | 3 |  3.1
Fighting       | |  2.9

Action                     |  1- 3 |  4- 6 || total
---------------------------+-------+-------++-------
  Melee: Falchion          |   153 |    32 ||   185
         Punch             |       |     1 ||     1
 Armour: Animal skin       |   139 |    52 ||   191
  Dodge: Dodged            |    89 |    30 ||   119

Table legend: (Time is in decaauts)
 A = Elapsed time spent in this place.
 B = Non-inter-level travel time spent in this place.
 C = Inter-level travel time spent in this place.
 D = Time resting spent in this place.
 E = Time spent auto-exploring this place.
 F = Levels seen in this place.
 G = Mean time per level.
                   A        B        C        D        E       F      G
               +--------+--------+--------+--------+--------+-----+--------+
         Total |   1529 |   1466 |     63 |     27 |      0 |   3 |  509.7 |
       Dungeon |   1529 |   1466 |     63 |     27 |      0 |   3 |  509.7 |
               +--------+--------+--------+--------+--------+-----+--------+

Top non-repeatable levels by time:
     D:1: 1070 daAuts
     D:2: 436 daAuts
     D:3: 23 daAuts
